SA
ATHLETIC CLUB KC U-21 @ NIAGARA FALLS EXPOS
06/07/2029
 
TOP OF THE 1ST
Athletic Club KC U-21 batting - Pitching for Niagara Falls Expos : RHP Dao-zi Zhai
Pitching: RHP Dao-zi Zhai
Batting: LHB José Antonio Mireles 0-0: Foul Ball, location: 2F
0-1: Swinging Strike
0-2: Ground out 4-3 (Groundball, 34)
Batting: RHB Leonardo Hernández 0-0: Ball
1-0: Called Strike
1-1: Ball
2-1: Swinging Strike
2-2: Ball
3-2: Strikes out looking
Batting: RHB José Hernández 0-0: Called Strike
0-1: SINGLE (Line Drive, 6M)
Batting: LHB Miguel Vásquez Pickoff Throw to First - Error! E1
José Hernández to second
0-0: Ball
1-0: Foul Ball, location: 2F
1-1: Called Strike
1-2: Fly out, F8 (Flyball, 8LM)
Top of the 1st over - 0 runs, 1 hit, 1 error, 1 left on base; Athletic Club KC 0 - Niagara Falls 0
BOTTOM OF THE 1ST
Niagara Falls Expos batting - Pitching for Athletic Club KC U-21 : LHP Donat Karczmarek
Pitching: LHP Donat Karczmarek
Batting: RHB Ramón Soto 0-0: Ball
1-0: Ball
2-0: Swinging Strike
2-1: Ball
3-1: Ground out U3 (Groundball, 3S)
Batting: RHB Bertrand Pick 0-0: Swinging Strike
0-1: Swinging Strike
0-2: Ball
1-2: Strikes out swinging
Batting: RHB Hou Kong 0-0: Ball
1-0: Foul Ball, location: 2F
1-1: Foul Ball, location: 2F
1-2: Strikes out swinging
Bottom of the 1st over - 0 runs, 0 hits, 0 errors, 0 left on base; Athletic Club KC 0 - Niagara Falls 0
TOP OF THE 2ND
Athletic Club KC U-21 batting - Pitching for Niagara Falls Expos : RHP Dao-zi Zhai
Batting: RHB Ted Hansen 0-0: Called Strike
0-1: Ball
1-1: Ball
2-1: Foul Ball, location: 2F
2-2: Ball
3-2: Foul Ball, location: 2F
3-2: Fly out, F7 (Flyball, 7LD)
Batting: RHB Francisco Vigil 0-0: Called Strike
0-1: Foul Ball, location: 2F
0-2: SINGLE (Groundball, 34D)
Batting: RHB Bing-zhong Wu 0-0: Called Strike
0-1: Fly out, F8 (Flyball, 8RS)
Batting: RHB José Torres 0-0: Ground out U3 (Groundball, 3)
Top of the 2nd over - 0 runs, 1 hit, 0 errors, 1 left on base; Athletic Club KC 0 - Niagara Falls 0
BOTTOM OF THE 2ND
Niagara Falls Expos batting - Pitching for Athletic Club KC U-21 : LHP Donat Karczmarek
Batting: RHB Fred Hulvey 0-0: Ball
1-0: Called Strike
1-1: Ground out 6-3 (Groundball, 6M)
Batting: RHB Bogumil Tiwontschik 0-0: Swinging Strike
0-1: Ball
1-1: Ball
2-1: DOUBLE (Line Drive, 7LM)
Batting: RHB Ramón Degollado 0-0: Ball
1-0: Called Strike
1-1: Foul Ball, location: 2F
1-2: Foul Ball, location: 2F
1-2: Fly out, F8 (Flyball, 8RD)
Batting: LHB Duk-yeo Chin 0-0: Ball
1-0: Ground out 5-3 (Groundball, 5L)
Bottom of the 2nd over - 0 runs, 1 hit, 0 errors, 1 left on base; Athletic Club KC 0 - Niagara Falls 0
TOP OF THE 3RD
Athletic Club KC U-21 batting - Pitching for Niagara Falls Expos : RHP Dao-zi Zhai
Batting: SHB Martín Gonzáles 0-0: Ball
1-0: Ball
2-0: Ball
3-0: Called Strike
3-1: Ground out 6-3 (Groundball, 6)
Batting: LHB José Antonio Mireles 0-0: Called Strike
0-1: Ball
1-1: Called Strike
1-2: Foul Ball, location: 2F
1-2: SINGLE (Line Drive, 78S)
Batting: RHB Leonardo Hernández 0-0: Ball
José Antonio Mireles is caught stealing 2nd base
1-0: Reached on error, E4 (Groundball, 4)
Batting: RHB José Hernández 0-0: Called Strike
0-1: Called Strike
0-2: Strikes out swinging
Top of the 3rd over - 0 runs, 1 hit, 1 error, 1 left on base; Athletic Club KC 0 - Niagara Falls 0
BOTTOM OF THE 3RD
Niagara Falls Expos batting - Pitching for Athletic Club KC U-21 : LHP Donat Karczmarek
Batting: RHB Francisco Valentín 0-0: Swinging Strike
0-1: Ball
1-1: Ball
2-1: SINGLE (Groundball, 6MD)
Batting: LHB Manuel Núñez 0-0: Foul Ball, location: 2F
0-1: Fielders Choice at 2nd, 4-6 (Groundball, 4)
Batting: RHB Ramón Soto 0-0: Called Strike
0-1: Ball
1-1: Ball
2-1: Ball
3-1: Called Strike
3-2: Base on Balls
Manuel Núñez to second
Batting: RHB Bertrand Pick 0-0: Ball
1-0: Ball
2-0: SINGLE (Groundball, 4MD)
Manuel Núñez to third
Ramón Soto to second
Runner from 3rd tries for Home, SAFE, throw made at trailing runner, OUT at third!
Batting: RHB Hou Kong 0-0: Ball
1-0: Foul Ball, location: 2F
1-1: Called Strike
1-2: Ball
2-2: Foul Ball, location: 2F
2-2: Ball
3-2: Foul Ball, location: 2F
3-2: Fly out, F8 (Flyball, 8RM)
Bottom of the 3rd over - 1 run, 2 hits, 0 errors, 1 left on base; Athletic Club KC 0 - Niagara Falls 1
TOP OF THE 4TH
Athletic Club KC U-21 batting - Pitching for Niagara Falls Expos : RHP Dao-zi Zhai
Batting: LHB Miguel Vásquez 0-0: Called Strike
0-1: Ground out U3 (Groundball, 34)
Batting: RHB Ted Hansen 0-0: Foul Ball, location: 2F
0-1: Foul Ball, location: 2F
0-2: Ball
1-2: Ball
2-2: Ball
3-2: SINGLE (Groundball, 56D)
Batting: RHB Francisco Vigil 0-0: Fly out, F8 (Flyball, 8RD)
Batting: RHB Bing-zhong Wu 0-0: Called Strike
0-1: Fielders Choice at 2nd, 6-4 (Groundball, 6)
Top of the 4th over - 0 runs, 1 hit, 0 errors, 1 left on base; Athletic Club KC 0 - Niagara Falls 1
BOTTOM OF THE 4TH
Niagara Falls Expos batting - Pitching for Athletic Club KC U-21 : LHP Donat Karczmarek
Batting: RHB Fred Hulvey 0-0: Foul Ball, location: 2F
0-1: Ball
1-1: Foul Ball, location: 2F
1-2: Strikes out looking
Batting: RHB Bogumil Tiwontschik 0-0: Ball
1-0: Ground out 6-3 (Groundball, 6)
Batting: RHB Ramón Degollado 0-0: Fly out, F9 (Line Drive, 9D)
Bottom of the 4th over - 0 runs, 0 hits, 0 errors, 0 left on base; Athletic Club KC 0 - Niagara Falls 1
TOP OF THE 5TH
Athletic Club KC U-21 batting - Pitching for Niagara Falls Expos : RHP Dao-zi Zhai
Batting: RHB José Torres 0-0: Ball
1-0: Ball
2-0: Foul Ball, location: 2F
2-1: Ball
3-1: SINGLE (Flyball, 89S) - OUT at second base trying to stretch hit.
Batting: SHB Martín Gonzáles 0-0: Ball
1-0: Foul Ball, location: 2F
1-1: Ground out 6-3 (Groundball, 6)
Batting: LHB José Antonio Mireles 0-0: Called Strike
0-1: Swinging Strike
0-2: Strikes out swinging
Top of the 5th over - 0 runs, 1 hit, 0 errors, 0 left on base; Athletic Club KC 0 - Niagara Falls 1
BOTTOM OF THE 5TH
Niagara Falls Expos batting - Pitching for Athletic Club KC U-21 : LHP Donat Karczmarek
Batting: LHB Duk-yeo Chin 0-0: Ball
1-0: Swinging Strike
1-1: Foul Ball, location: 2F
1-2: Strikes out looking
Batting: RHB Francisco Valentín 0-0: Called Strike
0-1: Called Strike
0-2: Ball
1-2: Ball
2-2: Fly out, F9 (Flyball, 9D)
Batting: LHB Manuel Núñez 0-0: Ball
1-0: Ball
2-0: Ball
3-0: Called Strike
3-1: Called Strike
3-2: Base on Balls
Batting: RHB Ramón Soto 0-0: Called Strike
Manuel Núñez is caught stealing 2nd base
Bottom of the 5th over - 0 runs, 0 hits, 0 errors, 0 left on base; Athletic Club KC 0 - Niagara Falls 1
TOP OF THE 6TH
Athletic Club KC U-21 batting - Pitching for Niagara Falls Expos : RHP Dao-zi Zhai
Batting: RHB Leonardo Hernández 0-0: Ball
1-0: Foul Ball, location: 2F
1-1: SINGLE (Line Drive, 7S)
Batting: RHB José Hernández 0-0: Called Strike
0-1: Ball
1-1: Ground out 5-3 (Groundball, 56S)
Leonardo Hernández to second
Batting: LHB Miguel Vásquez 0-0: Swinging Strike
0-1: SINGLE (Groundball, 3D)
Leonardo Hernández to third
Runner from 3rd tries for Home, SAFE, no throw
Batting: RHB Ted Hansen 0-0: Ball
1-0: Ball
2-0: Ball
3-0: Base on Balls
Miguel Vásquez to second
Batting: RHB Francisco Vigil 0-0: Foul Ball, location: 2F
0-1: SINGLE (Flyball, 89M)
Miguel Vásquez to third
Ted Hansen to second
Batting: RHB Bing-zhong Wu 0-0: Grounds into fielders choice 6-2 (Groundball, 6M)
Ted Hansen to third
Francisco Vigil to second
Batting: RHB José Torres 0-0: Foul Ball, location: 2F
0-1: Ball
Wild Pitch!
Ted Hansen scores
Francisco Vigil to third
Bing-zhong Wu to second
1-1: Foul Ball, location: 2F
1-2: Ground out 3-1 (Groundball, 34S)
Top of the 6th over - 2 runs, 3 hits, 0 errors, 2 left on base; Athletic Club KC 2 - Niagara Falls 1
BOTTOM OF THE 6TH
Niagara Falls Expos batting - Pitching for Athletic Club KC U-21 : LHP Donat Karczmarek
Batting: RHB Ramón Soto 0-0: Ball
1-0: SINGLE (Flyball, 7S)
Batting: RHB Bertrand Pick 0-0: Ball
1-0: Ball
2-0: Sac Bunt - play at first, batter OUT! 5-3
Ramón Soto to second
Batting: RHB Hou Kong 0-0: Ball
1-0: Foul Ball, location: 2F
1-1: Ball
2-1: Called Strike
2-2: Ball
3-2: Base on Balls
Batting: RHB Fred Hulvey 0-0: Called Strike
0-1: Fly out, F7 (Line Drive, 7D)
Batting: RHB Bogumil Tiwontschik 0-0: Foul Ball, location: 2F
0-1: Ball
1-1: Ball
2-1: SINGLE (Line Drive, 6MD)
Ramón Soto to third
Hou Kong to second
Pitching: RHP Kamisese Alohinani
Batting: RHB Ramón Degollado 0-0: Called Strike
0-1: Ball
1-1: Called Strike
1-2: Single, Error in OF, E7, batter to second base
Ramón Soto scores
Hou Kong scores
Bogumil Tiwontschik to third
Batting: LHB Duk-yeo Chin 0-0: Intentional Walk
Batting: RHB Francisco Valentín 0-0: Ball
1-0: Ball
2-0: Fielders Choice at 2nd, 6-4 (Groundball, 6)
Bottom of the 6th over - 2 runs, 3 hits, 1 error, 3 left on base; Athletic Club KC 2 - Niagara Falls 3
TOP OF THE 7TH
Athletic Club KC U-21 batting - Pitching for Niagara Falls Expos : RHP Dao-zi Zhai
Batting: SHB Martín Gonzáles 0-0: Ball
1-0: Foul Ball, location: 2F
1-1: SINGLE (Flyball, 9LS)
Batting: LHB José Antonio Mireles 0-0: Bunt missed!
0-1: Sac Bunt - play at first, batter OUT! 3-4
Martín Gonzáles to second
Batting: RHB Leonardo Hernández 0-0: Swinging Strike
0-1: Called Strike
0-2: Ground out 5-3 (Groundball, 56S)
Martín Gonzáles to third
Batting: RHB José Hernández 0-0: Ground out 6-3 (Groundball, 6)
Top of the 7th over - 0 runs, 1 hit, 0 errors, 1 left on base; Athletic Club KC 2 - Niagara Falls 3
BOTTOM OF THE 7TH
Niagara Falls Expos batting - Pitching for Athletic Club KC U-21 : RHP Kamisese Alohinani
Batting: LHB Manuel Núñez 0-0: Called Strike
0-1: Ground out 4-3 (Groundball, 4)
Batting: RHB Ramón Soto 0-0: SINGLE (Line Drive, 6M)
Batting: RHB Bertrand Pick 0-0: Ball
Ramón Soto steals 2nd base
1-0: Ball
2-0: Ball
3-0: Called Strike
3-1: Base on Balls
Batting: RHB Hou Kong 0-0: Ball
1-0: Swinging Strike
1-1: Ball
2-1: Ball
Wild Pitch!
Ramón Soto to third
Bertrand Pick to second
3-1: Intentional Walk
Pinch Hitting: RHB José Vázquez 0-0: Called Strike
0-1: TRIPLE (Flyball, 8LXD)
Ramón Soto scores
Bertrand Pick scores
Hou Kong scores
Pitching: RHP Madanraj Velusamy
Batting: RHB Bogumil Tiwontschik 0-0: Ball
1-0: Swinging Strike
1-1: SINGLE (Flyball, 6D)
José Vázquez scores
Batting: RHB Ramón Degollado 0-0: Ball
1-0: Fly out, F7 (Flyball, 7D)
Batting: LHB Duk-yeo Chin 0-0: Called Strike
0-1: Foul Ball, location: 2F
0-2: Strikes out swinging
Bottom of the 7th over - 4 runs, 3 hits, 0 errors, 1 left on base; Athletic Club KC 2 - Niagara Falls 7
TOP OF THE 8TH
Athletic Club KC U-21 batting - Pitching for Niagara Falls Expos : RHP Dao-zi Zhai
Now in CF: José Vázquez
Batting: LHB Miguel Vásquez 0-0: Ball
1-0: Ground out U3 (Groundball, 3L)
Batting: RHB Ted Hansen 0-0: Foul Ball, location: 2F
0-1: Foul Ball, location: 2F
0-2: Foul Ball, location: 2F
0-2: Ball
1-2: Fly out, F9 (Flyball, 9LS)
Batting: RHB Francisco Vigil 0-0: Ball
1-0: Ball
2-0: Called Strike
2-1: Foul Ball, location: 2F
2-2: Foul Ball, location: 2F
2-2: Ball
3-2: Foul Ball, location: 2F
3-2: Strikes out swinging
Top of the 8th over - 0 runs, 0 hits, 0 errors, 0 left on base; Athletic Club KC 2 - Niagara Falls 7
BOTTOM OF THE 8TH
Niagara Falls Expos batting - Pitching for Athletic Club KC U-21 : RHP Madanraj Velusamy
Batting: RHB Francisco Valentín 0-0: Foul Ball, location: 2F
0-1: Ball
1-1: DOUBLE (Line Drive, 7LM)
Batting: LHB Manuel Núñez 0-0: Intentional Walk
Batting: RHB Ramón Soto 0-0: Called Strike
0-1: Sac Bunt - play at first, batter safe!
Francisco Valentín to third
Manuel Núñez to second
Batting: RHB Bertrand Pick 0-0: Ball
1-0: Called Strike
1-1: Foul Ball, location: 2F
1-2: SINGLE (Flyball, 7S)
Francisco Valentín scores
Manuel Núñez to third
Ramón Soto to second
Runner from 3rd tries for Home, SAFE, no throw
Batting: RHB Hou Kong 0-0: Ball
1-0: Ball
2-0: Called Strike
2-1: Swinging Strike
2-2: SINGLE (Flyball, 9S)
Ramón Soto to third
Bertrand Pick to second
Runner from 3rd tries for Home, SAFE, throw made home
Batting: RHB José Vázquez 0-0: Ball
1-0: Ball
2-0: Swinging Strike
2-1: Foul Ball, location: 2F
2-2: Foul Ball, location: 2F
2-2: Grounds into double play, 5-4-3 (Groundball, 56)
Bertrand Pick to third
Batting: RHB Bogumil Tiwontschik 0-0: Called Strike
0-1: Called Strike
0-2: Strikes out looking
Bottom of the 8th over - 3 runs, 4 hits, 0 errors, 1 left on base; Athletic Club KC 2 - Niagara Falls 10
TOP OF THE 9TH
Athletic Club KC U-21 batting - Pitching for Niagara Falls Expos : RHP Dao-zi Zhai
Batting: RHB Bing-zhong Wu 0-0: Ground out 5-3 (Groundball, 56)
Batting: RHB José Torres 0-0: Ball
1-0: Swinging Strike
1-1: Foul Ball, location: 2F
1-2: Strikes out swinging
Batting: SHB Martín Gonzáles 0-0: Called Strike
0-1: Ball
1-1: Swinging Strike
1-2: Foul Ball, location: 2F
1-2: Strikes out swinging
Top of the 9th over - 0 runs, 0 hits, 0 errors, 0 left on base; Athletic Club KC 2 - Niagara Falls 10
Tuesday, December 19th, 2017 - OOTP Baseball 18.8 Build 76